 Dungeon Crawl Stone Soup version 0.31.0-9-g3a7656b989 (webtiles) character file.

Game seed: 5785578564658640544

95 qw the Shooter (level 4, -1/22 HPs)
             Began as a Spriggan Hunter on Feb 2, 2024.
             Killed by nerve-wracking pain
             ... invoked by Grinder
              (8 damage)
             ... on level 3 of the Dungeon.
             The game lasted 00:00:05 (1556 turns).

qw the Shooter (Spriggan Hunter)                    Turns: 1556, Time: 00:00:06

Health: -1/22      AC:  2    Str:  7    XL:     4   Next: 39%
Magic:  5/5        EV: 19    Int: 10    God:
Gold:   112        SH:  0    Dex: 20    Spells: 3/3 levels left

rFire   . . .        a - +0 shortbow
rCold   . . .        (shield currently unavailable)
rNeg    . . .        c - +0 robe
rPois   .            (helmet restricted)
rElec   .            (no cloak)
rCorr   .            (gloves unavailable)
SInv    +            (boots unavailable)
Will    .....        (no amulet)
Stlth   ++           (no ring)
HPRegen 0.23/turn    (no ring)
MPRegen 0.09/turn

%: no passive effects
@: hasted, very quick
A: very small, no large weapons, unfitting armour, see invisible, speed 3
a: no special abilities


You were on level 3 of the Dungeon.
You visited 1 branch of the dungeon, and saw 4 of its levels.

You collected 112 gold pieces.


Innate Abilities, Weirdness & Mutations

You are very small and have problems with some larger weapons.
You are too small for most types of armour.
You have supernaturally acute eyesight. (SInv)
You cover ground extremely quickly. (Speed+++)


   Skills:
 - Level 1.5 Fighting
 - Level 5.2 Ranged Weapons
 + Level 4.4 Dodging
 - Level 1.5 Stealth


You had 3 spell levels left.
You didn't know any spells.
Your spell library was empty.

Inventory:

Hand Weapons
 a - a +0 shortbow (weapon)
Armour
 c - a +0 robe (worn)
Jewellery
 i - a ring of fire
Scrolls
 j - a scroll of teleportation
Potions
 b - a potion of heal wounds
 e - a potion of might
 h - a potion of curing

Dungeon Overview and Level Annotations

Branches:
Dungeon (4/15)
 Temple: D:4-7

Altars:

Annotations:
D:3 Grinder


Message History

The hobgoblin misses you.
Grinder says, "DUCK!"
Grinder closely misses you.
You shoot an arrow.
The arrow hits Grinder but does no damage.
Grinder is severely wounded.
The hobgoblin misses you.
Grinder blinks!
You shoot an arrow. The arrow barely misses the hobgoblin.
The arrow barely misses the rat.
You shoot an arrow.
The arrow hits the hobgoblin but does no damage.
The hobgoblin hits you.
You shoot an arrow. The arrow hits the hobgoblin!
You kill the hobgoblin!
The rat closely misses you.
Grinder blinks!
You shoot an arrow.
The arrow hits the rat but does no damage.
Grinder gestures at you. Pain shoots through your body! The rat misses you.
You shoot an arrow.
The arrow hits the rat but does no damage.
You shoot an arrow. The arrow closely misses the rat.
The rat completely misses you.
You shoot an arrow. The arrow barely misses Grinder.
The rat misses you. Grinder gestures at you. Pain shoots through your body!
You shoot an arrow. The arrow hits Grinder.
Grinder is severely wounded.
Grinder completely misses you. The rat completely misses you.
You shoot an arrow.
The arrow hits Grinder but does no damage.
Grinder is severely wounded.
Grinder misses you. The rat misses you.
You shoot an arrow. The arrow hits Grinder!
Grinder is almost dead.
Grinder gestures at you. Pain shoots through your body!
You die...
Grinder says, "Hey, I wasn't done torturing you yet!"

#.# #.# #.# #.# #.####
#....#
################.#
#.....r..........#######
......5@........>......#
..######.######..#####.#
#.# #............ #.#
#.#.#...#.### #.#
#.#......)... #.#
#.#..!....###
#.###.#...#...<..
#.....#...#....#.
#######...######.


You could see Grinder and a rat.

Vanquished Creatures
  Terence (D:3)
  A gnoll (D:1)
  6 ball pythons
  7 bats
  7 endoplasms
  3 giant cockroaches (D:1)
  6 goblins
  8 hobgoblins
  4 quokkas
  2 frilled lizards (D:3)
  2 kobolds
  5 rats
52 creatures vanquished.

Notes
Turn   | Place    | Note
-------+----------+-------------------------------------------
     0 | D:1      | qw the Spriggan Hunter began the quest for the Orb.
     0 | D:1      | Reached XP level 1. HP: 10/10 MP: 2/2
     0 | D:1      | 0 ||| qw: Version: 0.3-a-155-g5e7d8dd
     0 | D:1      | 0 ||| qw: Game counter: 1944
     0 | D:1      | 0 ||| qw: Melee chars always use a shield: true
     0 | D:1      | 0 ||| qw: God list: Okawaru
     0 | D:1      | 0 ||| qw: Allow faded altars: false
     0 | D:1      | 0 ||| qw: Do Orc after clearing Dungeon:15 true
     0 | D:1      | 0 ||| qw: Do second Lair branch before Depths: true
     0 | D:1      | 0 ||| qw: Lair rune preference: random
     0 | D:1      | 0 ||| qw: Goals: Normal
     0 | D:1      | 0 ||| PLANNING D:1-11
    48 | D:1      | Reached skill level 3 in Dodging
   108 | D:1      | Reached XP level 2. HP: 14/14 MP: 3/3
   202 | D:1      | Reached XP level 3. HP: 14/18 MP: 4/4
   414 | D:1      | Found a faded altar of an unknown god.
   721 | D:1      | 721 ||| READING scroll labelled KULLOGG NUIRR.
   725 | D:1      | 725 ||| READING scroll labelled TAYJIUZAYPS.
   726 | D:1      | 726 ||| DRINKING 2 bubbling amethyst potions.
   727 | D:1      | 727 ||| DROPPING scroll of butterflies.
   756 | D:2      | 756 ||| STAIRDANCE
   798 | D:2      | You fall into a shaft and drop 2 floors!
   885 | D:3      | Noticed Terence
   895 | D:3      | Killed Terence
   896 | D:3      | Reached skill level 5 in Ranged Weapons
   896 | D:3      | Reached XP level 4. HP: 10/22 MP: 5/5
   961 | D:3      | 961 ||| READING scroll labelled YHUVEALEASS.
   961 | D:3      | 961 ||| IDENTIFYING bubbling grey potion
   962 | D:3      | 962 ||| DROPPING potion of brilliance.
  1172 | D:2      | 1172 ||| FLEEEEING.
  1449 | D:2      | 1449 ||| READING 3 scrolls of identify.
  1449 | D:2      | 1449 ||| IDENTIFYING sedimented clear potion
  1450 | D:2      | 1450 ||| READING 2 scrolls of identify.
  1450 | D:2      | 1450 ||| IDENTIFYING bubbling silvery potion
  1451 | D:2      | 1451 ||| READING scroll of identify.
  1451 | D:2      | 1451 ||| IDENTIFYING clear potion
  1452 | D:2      | 1452 ||| DRINKING 2 bubbling brown potions.
  1453 | D:2      | 1453 ||| DROPPING potion of lignification.
  1527 | D:3      | Noticed Grinder
  1537 | D:3      | 1537 ||| DRINKING potion of haste.
  1556 | D:3      | Killed from afar by Grinder

Levels and vault maps discovered:
D:1:      shiori_arrival_maze, layout_loops_ring,
          shapermc_ecumenical_altar_petra
D:2:      layout_rooms, grunt_ministairs_1, minmay_misc_feat_ornament
D:3:      gammafunk_steamed_eel, layout_basic,
          hellmonk_overflow_destroyed_library, lemuel_coloured_pillars_altar,
          serial_shops, shop, serial_glass, glass_columns_a, glass_columns_c,
          uniq_terence, uniq_natasha, uniq_grinder
D:4:      layout_loops_ring, gammafunk_temple_overflow_wave, minmay_puff,
          uniq_menkaure

Skill      XL: |  1  2  3 |
---------------+----------+-----
Dodging        | 3 4 |  4.4
Ranged Weapons | 5 |  5.2
Fighting       | |  1.5
Stealth        | |  1.5

Action                     |  1- 3 |  4- 6 || total
---------------------------+-------+-------++-------
   Fire: Shortbow          |    96 |    48 ||   144
    Use: Scroll            |     2 |     4 ||     6
         Potion            |     1 |     2 ||     3
 Armour: Robe              |     6 |     4 ||    10
  Dodge: Dodged            |    27 |    19 ||    46

Table legend:
 A = Non-vault XP
 B = Vault XP
 C = Vault XP percentage of total XP
 D = Non-vault monster count
 E = Vault monster count
 F = Vault count percentage of total count
                 A         B        C        D         E       F
            +---------+---------+-------+---------+---------+-------
      Total |      93 |      43 |  31.6 |      47 |       5 |   9.6
            +---------+---------+-------+---------+---------+-------
        D:1 |      63 |       3 |   4.5 |      28 |       2 |   6.7
        D:2 |      18 |       4 |  18.2 |      12 |       2 |  14.3
        D:3 |       8 |      36 |  81.8 |       5 |       1 |  16.7
        D:4 |       4 |       0 |   0.0 |       2 |       0 |   0.0
            +---------+---------+-------+---------+---------+-------
